 Dungeon Crawl Stone Soup version 0.31-a0-846-gb3bcc0d938 (webtiles) character file.

Game seed: 10789576325945747969

30342 LeprechaunX the Mimic (level 13, -5/87 (92) HPs)
             Began as an Octopode Shapeshifter on Oct 3, 2023.
             Was the Champion of Ru.
             Slain by a boulder beetle (20 damage)
             ... on level 4 of the Lair of Beasts.
             The game lasted 00:32:38 (14157 turns).

LeprechaunX the Mimic (Octopode Shapeshifter)      Turns: 14157, Time: 00:32:39

HP:   -5/87 (92)    AC: 14    Str: 17    XL:     13   Next: 51%
MP:   13/13         EV: 14    Int: 13    God:    Ru [******]
Gold: 914           SH:  0    Dex: 12    Spells: 12/12 levels left

rFire   . .          .
                       - Unarmed
rCold   + . .        a - +1 hat {Will+}
rNeg    . . .        M - amulet of the acrobat
rPois   +            d - ring of see invisible
rElec   .            g - ring of poison resistance
rCorr   +            y - +4 ring of protection
SInv    +            P - ring of resist corrosion
Will    +....        F - ring of protection from cold Stlth
                     K - +4 ring of protection
HPRegen 0.34/turn    L - +4 ring of protection
MPRegen 0.13/turn

%: acrobat
@: blade tentacles, drained
A: almost no armour, amphibious, 7 rings, camouflage 1, gelatinous body 1,
missing a hand, no stealth, hated by all, unskilled 1, (nimble swimmer 1),
tentacles
a: Begin Untransformation, Renounce Religion, Draw Out Power, Power Leap,
Apocalypse


You were on level 4 of the Lair of Beasts.
You worshipped Ru.
Ru was exalted by your worship.
You had blades for main tentacles.
You visited 2 branches of the dungeon, and saw 15 of its levels.

You collected 914 gold pieces.

Inventory:

Hand Weapons
 V - a +2 sling of freezing
Missiles
 f - 6 atropa-tipped darts
 H - 10 boomerangs (quivered)
 J - a throwing net
Armour
 a - a +1 hat of willpower (worn)
Jewellery
 d - a ring of see invisible (left blade tentacle)
 g - a ring of poison resistance (right blade tentacle)
 y - a +4 ring of protection (on tentacle)
 z - a ring of flight
 F - a ring of protection from cold (on tentacle)
 K - a +4 ring of protection (on tentacle)
 L - a +4 ring of protection (on tentacle)
 M - an amulet of the acrobat (around mantle)
 P - a ring of resist corrosion (on tentacle)
 R - a ring of magical power
Talismans
 b - a beast talisman
 c - a flux talisman
 q - a blade talisman (active)
 v - a dragon-blood talisman
Wands
 o - a wand of polymorph (16)
 A - a wand of mindburst (12)
 N - a wand of roots (4)
 S - a wand of paralysis (10)
Scrolls
 e - 4 scrolls of enchant weapon
 h - 2 scrolls of poison
 j - 4 scrolls of fog
 k - 2 scrolls of brand weapon
 l - a scroll of noise
 m - 3 scrolls of fear
 n - 3 scrolls of revelation
 p - 2 scrolls of vulnerability
 r - 3 scrolls of amnesia
 w - 3 scrolls of teleportation
 B - 6 scrolls of enchant armour
 C - 5 scrolls of immolation
 X - a scroll of torment
Potions
 i - 2 potions of mutation
 s - 2 potions of cancellation
 t - 3 potions of heal wounds {unknown}
 u - 5 potions of lignification
 x - a potion of invisibility {unknown}
 D - 5 potions of curing
 E - a potion of magic {unknown}
 G - a potion of brilliance {unknown}
 I - a potion of berserk rage {unknown}
 O - 2 potions of ambrosia
 Q - 4 potions of attraction {unknown}
 T - 2 potions of haste {unknown}
 U - 2 potions of resistance {unknown}
 W - a potion of degeneration {unknown}


   Skills:
 + Level 10.1 Fighting
 - Level 4.5 Dodging
 + Level 10.5 Unarmed Combat
 + Level 5.2 Evocations
 * Level 13.2 Shapeshifting


You had 12 spell levels left.
You didn't know any spells.
Your spell library contained the following spells:

 Spells                   Type           Power      Damage    Failure   Level
 Freeze                   Ice            0%         1d3       30%         1
 Ensorcelled Hibernation  Hex/Ice        0%         N/A       43%         2
 Passwall                 Tmut/Erth      0%         N/A       43%         2
 Frozen Ramparts          Ice            0%         1d1       67%         3
 Hailstorm                Conj/Ice       0%         3d3       67%         3
 Inner Flame              Hex/Fire       0%         N/A       67%         3
 Swiftness                Air            0%         N/A       67%         3
 Olgreb's Toxic Radiance  Pois           0%         N/A       97%         4
 Yara's Violent Unravell  Hex/Tmut       0%         3d3       100%        5
 Enfeeble                 Hex            0%         N/A       100%        7
 Discord                  Hex            0%         N/A       100%        8
 Ignition                 Fire           0%         3d3       100%        8


Dungeon Overview and Level Annotations

Branches:
Dungeon (11/15)            Temple (0/1) D:5            Lair (4/5) D:8
  Swamp (0/4) Lair:3        Snake (0/4) Lair:2
  Slime: Lair:4-5       Orc: D:9-12

Altars:
Ashenzari
Dithmenos
Gozag
Makhleb
Okawaru
Qazlal
Ru
Sif Muna
Vehumet
Xom

Shops:
D:7 (   D:9 *

Annotations:
D:10 2 transporters


Innate Abilities, Weirdness & Mutations

You have blades for main tentacles.
You are incapable of wielding weapons or throwing items.
You cannot wear most types of armour.
You are amphibious.
You can wear up to seven rings at the same time.
Your skin changes colour to match your surroundings (Stealth+).
Your rubbery body absorbs attacks. (AC +1, EV +1)
You are missing a hand.
You cannot be stealthy.
You are hated by all.
You are somewhat unskilled. (-1 Apt)
((You are camouflaged when in or above water. (Stealth+)))
You have tentacles for arms and can constrict up to seven enemies at once.


Message History

The komodo dragon bites you.
You barely miss the komodo dragon. You slash the komodo dragon!
You squeeze the komodo dragon.
The komodo dragon is moderately wounded.
You redirect the komodo dragon's attack!
The komodo dragon bites itself!
You catch the helpless komodo dragon completely off-guard!
You hit the komodo dragon. You squeeze the komodo dragon.
The komodo dragon is severely wounded.
The boulder beetle hits you but does no damage.
The boulder beetle stops rolling and uncurls.
You hit the komodo dragon. Your slash misses the komodo dragon.
You squeeze the komodo dragon, but do no damage.
The komodo dragon is severely wounded.
The komodo dragon bites you. The boulder beetle barely misses you.
You closely miss the komodo dragon. Your squeeze misses the komodo dragon.
The komodo dragon is severely wounded.
The komodo dragon misses you.
You hit the komodo dragon. Your squeeze misses the komodo dragon.
The komodo dragon is almost dead.
The boulder beetle bites you!!
The komodo dragon bites you but does no damage.
You are too injured to fight recklessly!
You are too injured to fight recklessly!
You are too injured to fight recklessly!
You barely miss the komodo dragon.
The komodo dragon is almost dead.
The boulder beetle bites you. The komodo dragon bites you!
* * * LOW HITPOINT WARNING * * *
You closely miss the komodo dragon. You slash the komodo dragon.
You squeeze the komodo dragon, but do no damage.
The komodo dragon is almost dead.
The boulder beetle misses you.
You slice the komodo dragon!!
You kill the komodo dragon!
The boulder beetle begins to attack, but is stunned by your conviction!
You slice the boulder beetle!!
The boulder beetle is severely wounded.
The boulder beetle bites you!!
You die...

# .# ## . .##
.#..# # #...#
##.####...#
#..#.##<.P#
#......P##
#P.@.†.##
#P.B.P##
#....P#
..........#
...........#
..#P..##.....#
......
........ ####.
##.!.....
.##P°..


You could see a boulder beetle.

Vanquished Creatures
  Gastronok (Lair:2)
  The ghost of Vacku Hude the Severer, a journeyman HOFi of Beogh (Lair:3)
  A boulder beetle (Lair:3)
  2 two-headed ogres
  A skeletal warrior (D:10)
  A deep elf pyromancer (D:10)
  An oklob plant (Lair:2)
  Pikel (D:7)
  12 elephants
  A gargoyle (D:11)
  2 black mambas (Lair:2)
  Maggie (D:7)
  3 cane toads
  3 komodo dragons
  A queen bee (Lair:3)
  3 hornets
  2 polar bears
  15 blink frogs
  Sigmund (D:6)
  A shadow (D:10)
  2 vampires
  34 yaks
  6 wyverns
  A wraith (D:9)
  2 fire elementals (Lair:2)
  A steam dragon (D:9)
  Eustachio (D:6)
  A basilisk (Lair:2)
  4 nagas (Lair:2)
  3 acid dragons
  12 water moccasins
  An orc warrior (D:9)
  2 ice beasts
  2 black bears (Lair:1)
  2 sky beasts
  4 ogres
  4 phantoms
  A centaur (D:10)
  2 kobold brigands
  15 bullfrogs
  2 gnoll sergeants
  10 wights
  8 killer bees
  2 howler monkeys
  4 hounds
  2 jellies (D:7)
  2 gnoll boudas
  7 orc priests
  2 sleepcaps
  15 orc wizards
  6 hell rats (Lair:2)
  3 iguanas
  18 gnolls
  8 adders
  A shadow imp (D:8)
  2 white imps
  3 worms
  A dart slug (D:1)
  37 orcs
  4 bats
  10 endoplasms
  4 giant cockroaches
  3 goblins
  16 hobgoblins
  3 jackals (D:3)
  15 kobolds
  2 quokkas (D:5)
  5 ball pythons
  4 frilled lizards
  7 rats
360 creatures vanquished.

Vanquished Creatures (others)
  A blink frog (Lair:1)
  A yak (D:10)
  2 gnolls (D:7)
4 creatures vanquished.

Grand Total: 364 creatures vanquished

Notes
Turn   | Place    | Note
-------+----------+-------------------------------------------
     0 | D:1      | LeprechaunX the Octopode Shapeshifter began the quest for
                  | the Orb.
     0 | D:1      | Reached XP level 1. HP: 13/13 MP: 1/1
    90 | D:1      | Reached XP level 2. HP: 6/18 MP: 2/2
   681 | D:1      | Reached XP level 3. HP: 17/23 MP: 3/3
  1133 | D:2      | Found a sacrificial altar of Ru.
  1153 | D:2      | Became a worshipper of Ru the Awakened
  1439 | D:3      | Reached XP level 4. HP: 26/29 MP: 4/4
  1732 | D:3      | Reached skill level 4 in Shapeshifting
  1859 | D:3      | Reached XP level 5. HP: 34/34 MP: 5/5
  1984 | D:3      | Found a shimmering blue altar of Sif Muna.
  2175 | D:3      | Identified the +4 robe "Goorph" {+Inv Fly Will+ MP+9}
  2378 | D:3      | Found a faded altar of an unknown god.
  2621 | D:4      | Gained mutation: You are missing a hand. [Ru sacrifice]
  2621 | D:4      | Reached * piety under Ru
  2621 | D:4      | Reached ** piety under Ru
  2677 | D:4      | Noticed an ogre
  2687 | D:4      | Killed an ogre
  2688 | D:4      | Reached XP level 6. HP: 41/41 MP: 6/6
  3018 | D:4      | Reached skill level 5 in Shapeshifting
  3018 | D:4      | Reached XP level 7. HP: 33/46 MP: 7/7
  3270 | D:5      | Entered Level 5 of the Dungeon
  3740 | D:5      | Found a staircase to the Ecumenical Temple.
  3949 | D:5      | Found a basalt altar of Yredelemnul.
  3962 | D:5      | Found a burning altar of Makhleb.
  3998 | D:5      | Reached skill level 5 in Unarmed Combat
  3998 | D:5      | Reached skill level 6 in Shapeshifting
  3998 | D:5      | Reached XP level 8. HP: 50/54 MP: 8/8
  4120 | D:5      | Found an iron altar of Okawaru.
  4120 | D:5      | Found a runed translucent door.
  4183 | D:5      | Found the +0 toga "Victory" {*Victory Clar}
  4261 | D:5      | Found a broken altar of Ashenzari.
  4694 | D:6      | Noticed Sigmund
  4716 | D:6      | Killed Sigmund
  4717 | D:6      | Reached skill level 5 in Dodging
  4771 | D:6      | Reached skill level 7 in Shapeshifting
  4843 | D:6      | Noticed Eustachio
  4850 | D:6      | Killed Eustachio
  4851 | D:6      | Reached skill level 5 in Fighting
  4851 | D:6      | Reached XP level 9. HP: 51/61 MP: 9/9
  5436 | D:7      | Found Bablupn's Antique Weapon Emporium.
  5471 | D:7      | Noticed Maggie
  5498 | D:7      | Killed Maggie
  5499 | D:7      | Reached skill level 8 in Shapeshifting
  5720 | D:7      | Gained mutation: You are hated by all. [Ru sacrifice]
  5720 | D:7      | Reached *** piety under Ru
  5720 | D:7      | Reached **** piety under Ru
  5764 | D:7      | Noticed Pikel
  5779 | D:7      | Killed Pikel
  6092 | D:7      | Found a stormy altar of Qazlal.
  6135 | D:7      | Reached XP level 10. HP: 48/69 MP: 10/10
  6240 | D:7      | Reached skill level 9 in Shapeshifting
  6446 | D:8      | Noticed a two-headed ogre
  6454 | D:8      | Killed a two-headed ogre
  6493 | D:8      | Found a staircase to the Lair.
  6502 | D:8      | Found a radiant altar of Vehumet.
  7288 | D:9      | Noticed a two-headed ogre
  7295 | D:9      | Killed a two-headed ogre
  7296 | D:9      | Reached skill level 10 in Shapeshifting
  7503 | D:9      | Found a shadowy altar of Dithmenos.
  8009 | D:9      | Reached XP level 11. HP: 70/77 MP: 11/11
  8024 | D:9      | Gained mutation: You cannot be stealthy. [Ru sacrifice]
  8024 | D:9      | Reached ***** piety under Ru
  8266 | D:9      | Found Gaotol's General Store.
  8593 | D:10     | Entered Level 10 of the Dungeon
  8706 | D:10     | Noticed a deep elf pyromancer
  8712 | D:10     | Killed a deep elf pyromancer
  8713 | D:10     | Reached skill level 11 in Shapeshifting
  8900 | D:10     | Found a shimmering altar of Xom.
  8900 | D:10     | Noticed a manticore
  8901 | D:10     | Noticed a green very ugly thing
  8905 | D:10     | Found a transporter.
  8917 | D:10     | Found a transporter.
  9336 | D:10     | Found an opulent altar of Gozag.
  9646 | D:11     | Noticed a skeletal warrior
  9646 | D:11     | Noticed a skeletal warrior
  9648 | D:11     | Noticed a skeletal warrior
  9650 | D:11     | Noticed a skeletal warrior
  9651 | D:11     | Noticed a skeletal warrior
  9658 | D:10     | Killed a skeletal warrior
  9874 | Lair:1   | Entered Level 1 of the Lair of Beasts
  9942 | Lair:1   | Reached skill level 12 in Shapeshifting
 10272 | Lair:1   | Reached XP level 12. HP: 85/85 MP: 12/12
 10315 | Lair:1   | Gained mutation: You are somewhat unskilled. (-1 Apt) [Ru
                  | sacrifice]
 10315 | Lair:1   | Reduced skill Shapeshifting to level 11
 10315 | Lair:1   | Reached ****** piety under Ru
 11166 | Lair:2   | Noticed Gastronok
 11177 | Lair:2   | Killed Gastronok
 11178 | Lair:2   | Reached skill level 1 in Evocations
 11307 | Lair:2   | Reached skill level 12 in Shapeshifting
 11674 | Lair:2   | Reached skill level 10 in Unarmed Combat
 11853 | Lair:2   | Reached XP level 13. HP: 78/90 MP: 13/13
 11963 | Lair:2   | Found a staircase to the Snake Pit.
 12709 | Lair:3   | Found a staircase to the Swamp.
 12955 | Lair:3   | Noticed Vacku Hude's ghost (journeyman HOFi)
 13211 | Lair:3   | Found a transporter.
 13212 | Lair:3   | Found a transporter.
 13307 | Lair:3   | Reached skill level 13 in Shapeshifting
 13834 | Lair:3   | Paralysed by a hornet for 2 turns
 13848 | Lair:3   | Killed Vacku Hude's ghost
 13849 | Lair:3   | Reached skill level 10 in Fighting
 13849 | Lair:3   | Reached skill level 5 in Evocations
 14157 | Lair:4   | Slain by a boulder beetle

Illustrated notes

Levels and vault maps discovered:
D:1:      dpeg_arrival_rooms_b, layout_rooms, serial_aquarium,
          aquarium_bridge_square [aquarium_subvault_wall,
          aquarium_subvault_bridge, aquarium_subvault_window,
          aquarium_subvault_bridge], aquarium_bridge_island_small
          [aquarium_subvault_small_open, aquarium_subvault_window,
          aquarium_subvault_bridge, aquarium_subvault_bridge,
          aquarium_subvault_window], aquarium_window_corridor_1,
          aquarium_window_1, aquarium_window_1, aquarium_view_2a,
          aquarium_view_2f, aquarium_balcony_3a
D:2:      layout_basic, basic_altar
D:3:      minmay_bubble_buster, layout_basic,
          mainiacjoe_overflow_six_doors_small,
          dreamdust_ecumenical_altar_hidden_monk_grotto
D:4:      layout_loops_ring
D:5:      layout_rooms, nicolae_overflow_guarded_unrand_okawaru_victory,
          bloody_makhleb, evilmike_ruin_ashenzari, mainiacjoe_overflow_paths,
          minmay_temple_entry_junction_2
D:6:      layout_rooms, uniq_sigmund, uniq_eustachio
D:7:      layout_rooms, grunt_qazlal_clouds, serial_shops,
          nicolae_shop_back_alley_shop, minmay_misc_feat_encased, uniq_maggie,
          uniq_pikel
D:8:      layout_cave_pods, vehumet_crystals, lemuel_coloured_pillars_altar
D:9:      layout_basic, nicolae_dithmenos_the_darkroom, serial_shops, shop
D:10:     layout_cave_pools, gammafunk_temple_overflow_arena,
          mainiacjoe_overflow_alcove_1, small_statue_intersection,
          small_statue_intersection
D:11:     layout_rooms, kennysheep_orc_monster_closet_entryway, special_room
          [special_room_bee], serial_shops, nicolae_shop_tiny_waterfront,
          uniq_erolcha
Lair:1:   layout_small_grid, lemuel_fruit_tree
Lair:2:   layout_gridlike, minmay_snake_entry_guardpost_large,
          lemuel_oklob_altar, uniq_gastronok
Lair:3:   layout_long_grid, swamp_mist_pool, gammafunk_ghost_hive,
          chequers_serial_rivers_micro_d, beast_lair_carwin_8
Lair:4:   layout_layer_cave, st_stairs_5, minmay_holes,
          kennysheep_abandoned_house

Skill      XL: |  1  2  3  4  5  6  7  8  9 10 11 12 13 |
---------------+----------------------------------------+-----
Fighting       | 2 3 5 6 7 9 9 10 | 10.1
Shapeshifting  | 4 5 6 7 8 10 12 12 13 | 13.2
Dodging        | 3 4 5 4 |  4.5
Unarmed Combat | 4 5 6 7 8 9 10 | 10.5
Evocations     | 3 5 |  5.2

Action                     |  1- 3 |  4- 6 |  7- 9 | 10-12 | 13-15 || total
---------------------------+-------+-------+-------+-------+-------++-------
  Melee: Unarmed           |    77 |   103 |   215 |   426 |   173 ||   994
         Constrict         |    17 |    24 |    48 |    62 |    17 ||   168
         Tentacles         |    13 |    22 |    58 |   116 |    51 ||   260
         Punch             |     1 |     3 |    10 |    21 |    18 ||    53
  Throw: Dart              |       |       |     4 |       |       ||     4
         Boomerang         |       |       |       |     4 |       ||     4
 Invoke: Sacrifice a Hand  |       |     1 |       |       |       ||     1
         Sacrifice Love    |       |       |     1 |       |       ||     1
         Draw Out Power    |       |       |       |     1 |     1 ||     2
         Sacrifice Stealth |       |       |       |     1 |       ||     1
         Power Leap        |       |       |       |     2 |       ||     2
         Sacrifice Skill   |       |       |       |     1 |       ||     1
    Use: Scroll            |       |       |       |    15 |     2 ||    17
   Stab: Sleeping          |     7 |     7 |     4 |       |       ||    18
         Distracted        |       |       |     1 |     3 |     1 ||     5
         Invisible         |       |       |       |     2 |     2 ||     4
         Paralysed         |       |       |       |     3 |     2 ||     5
 Armour: Skin              |    34 |    36 |    93 |   207 |    76 ||   446
  Dodge: Dodged            |    42 |    39 |   128 |   291 |    98 ||   598
   Form: Blade             |       |       |       |     1 |       ||     1

Table legend: (Time is in decaauts)
 A = Elapsed time spent in this place.
 B = Non-inter-level travel time spent in this place.
 C = Inter-level travel time spent in this place.
 D = Time resting spent in this place.
 E = Time spent auto-exploring this place.
 F = Levels seen in this place.
 G = Mean time per level.
                   A        B        C        D        E       F      G
               +--------+--------+--------+--------+--------+-----+--------+
         Total |  14014 |  13418 |    596 |   1482 |   9494 |  15 |  934.3 |
       Dungeon |   9809 |   9452 |    357 |    904 |   6919 |  11 |  891.7 |
          Lair |   4205 |   3967 |    238 |    578 |   2575 |   4 | 1051.2 |
               +--------+--------+--------+--------+--------+-----+--------+

Top non-repeatable levels by time:
  Lair:2: 1532 daAuts
  Lair:3: 1415 daAuts
     D:9: 1334 daAuts
  Lair:1: 1236 daAuts
     D:3: 1131 daAuts
    D:10: 1127 daAuts
     D:5: 1038 daAuts
     D:4: 1023 daAuts
     D:7: 1019 daAuts
     D:8: 1008 daAuts
     D:1: 731 daAuts
     D:2: 688 daAuts
     D:6: 678 daAuts
    D:11: 27 daAuts
  Lair:4: 20 daAuts
